 Dungeon Sprint DCSS version 0.21-a0-39-g28ea6b7 (webtiles) character file.

10 Kidiri the Magician (level 2, -16/16 HPs)
             Began as a Deep Elf Fire Elementalist on May 31, 2017.
             Demolished by a tyrant leech (32 damage)
             ... in the Dungeon (Sprint II: "The Violet Keep of Menkaure").
             The game lasted 00:01:35 (327 turns).

Kidiri the Magician (Deep Elf Fire Elementalist)     Turns: 327, Time: 00:01:35

Health: -16/16     AC:  2    Str:  5    XL:     2   Next: 10%
Magic:  7/9        EV: 13    Int: 19    God:
Gold:   243        SH:  0    Dex: 15    Spells: 6/9 levels left

rFire    . . .     SeeInvis .   (no weapon)
rCold    . . .     Gourm    .   (no shield)
rNeg     . . .     Faith    .   a - +0 robe
rPois    .         Spirit   .   (no helmet)
rElec    .         Reflect  .   (no cloak)
rCorr    .         Harm     .   (no gloves)
MR       .....     NoTele   +   (no boots)
Stlth    ++........             (no amulet)
Regen    0.1/turn               (no ring)
MPRegen  0.2/turn               (no ring)

@: no status effects
A: no striking features
a: no special abilities


You were in the Dungeon.
You were not hungry.

You visited 1 branch You collected 243 gold pieces.

Inventory:

Armour
 a - a +0 robe (worn)
Scrolls
 i - a scroll of blinking
Potions
 e - a potion of heal wounds
 f - a potion of haste
 g - a potion of magic
 h - a potion of berserk rage
Books
 b - a book of Flames

   Spells                             Type                      Level
   a - Flame Tongue                   Conjuration/Fire             1
   b - Throw Flame                    Conjuration/Fire             2
   c - Conjure Flame                  Conjuration/Fire             3
   d - Inner Flame                    Hexes/Fire                   3
   e - Sticky Flame                   Conjuration/Fire             4
   f - Fireball                       Conjuration/Fire             5
Comestibles
 c - a bread ration
 d - 3 chunks of flesh


   Skills:
 + Level 1.1 Fighting
 + Level 1.0 Armour
 + Level 3.1 Dodging
 - Level 2.4 Stealth
 * Level 4.2 Spellcasting
 + Level 1.8 Conjurations
 + Level 3.6 Fire Magic


You had 6 spell levels left.
You knew the following spells:

 Your Spells              Type           Power        Failure   Level  Hunger
a - Flame Tongue          Conj/Fire      ##...        4%          1    None
b - Throw Flame           Conj/Fire      ##....       7%          2    #......


Dungeon Overview and Level Annotations

Branches:
Dungeon (1/1)

Altars:

Shops:
D (}[=:=[}[![


Message History

2 tyrant leeches come into view.
Found 243 gold pieces.
There is an open door here.
Casting: Flame Tongue
Confirm with . or Enter, or press ? or * to list all spells.
Aiming: Flame Tongue
Press: ? - help, Shift-Dir - straight line, f - tyrant leech
Aim: a tyrant leech (hasn't noticed you)
The flame tongue hits the tyrant leech.
The tyrant leech is lightly wounded.
Casting: Flame Tongue
Confirm with . or Enter, or press ? or * to list all spells.
Aiming: Flame Tongue
Press: ? - help, Shift-Dir - straight line, f/p - tyrant leech
Aim: a tyrant leech (lightly wounded)
The flame tongue hits the tyrant leech.
The tyrant leech is lightly wounded.
The tyrant leech bites you!!
Ouch! That really hurt!
You die...

######≈ .∩.∩.#≈
∩.∩..#≈ ### ###
.∩...#≈ a. aa
∩....#≈ ### a#.
.∩...#≈##.# #+#
∩.∩..#≈#.####.##
+≈+##.@w<.+
..∩.∩#≈#...##.##
▓▓▓###≈##.###'#
######≈ ### .#.
## .. w. ##. $##
## ##


You could see a tyrant leech.

Vanquished Creatures
  3 worms (D)
3 creatures vanquished.

Notes
Turn   | Place    | Note
-------+----------+-------------------------------------------
     0 | D        | Kidiri the Deep Elf Fire Elementalist began the quest for the Orb.
     0 | D        | Reached XP level 1. HP: 10/10 MP: 6/6
     1 | D        | Noticed a worker ant
     1 | D        | Noticed a worker ant
     1 | D        | Noticed a worker ant
     1 | D        | Noticed a worker ant
    20 | D        | Reached skill level 1 in Fighting
    20 | D        | Reached skill level 4 in Spellcasting
   115 | D        | Found Laol's Jewellery Boutique.
   115 | D        | Found Paurrego's Book Shop.
   115 | D        | Found Xaxzaqext's Armour Shop.
   115 | D        | Found Hoah's Distillery.
   115 | D        | Found Gykiefizog's Jewellery Boutique.
   116 | D        | Found Gunopeiq's Antique Armour Shop.
   116 | D        | Found Wapluj's Antique Armour Boutique.
   116 | D        | Found Bakar's Gadget Shop.
   116 | D        | Found Arull's Antique Armour Boutique.
   116 | D        | Found Zantitij's Gadget Shop.
   116 | D        | Found Uliblo's Antique Weapon Boutique.
   127 | D        | Reached skill level 1 in Armour
   127 | D        | Reached XP level 2. HP: 6/16 MP: 3/9
   145 | D        | Learned a level 2 spell: Throw Flame
   323 | D        | Noticed a tyrant leech
   323 | D        | Noticed a tyrant leech
   327 | D        | Demolished by a tyrant leech

Vault maps used:
D:        the_violet_keep_of_menkaure

Skill      XL: |  1 |
---------------+----+-----
Fighting       | 1 |  1.1
Spellcasting   | 4 |  4.2
Armour         | 1 |  1.0
Dodging        | 3 |  3.1
Stealth        | |  2.4
Conjurations   | |  1.8
Fire Magic     | |  3.6

Action                   || total
-------------------------++-------
 Cast: Flame Tongue      ||    15
  Use: Potion            ||     2
Dodge: Dodged            ||     2
